 Dungeon Crawl Stone Soup version 0.31-a0-1071-gaead2f62b1 (webtiles) character file.

Game seed: 8528908645168245226

3605 croobank the Ruffian (level 10, -2/66 HPs)
             Began as an Octopode Shapeshifter on Nov 25, 2023.
             Was an Elder of Lugonu.
             Slain by a killer bee (4 damage)
             ... on level 8 of the Dungeon.
             The game lasted 00:24:05 (8897 turns).

croobank the Ruffian (Octopode Shapeshifter)        Turns: 8897, Time: 00:24:05

Health: -2/66      AC:  1    Str: 13    XL:     10   Next: 10%
Magic:  15/15      EV: 14    Int: 17    God:    Lugonu [****..]
Gold:   402        SH:  0    Dex: 12    Spells: 6/15 levels left

rFire   . . .        a - +6 mace
rCold   + . .        (no shield)
rNeg    . . .        (helmet currently unavailable)
rPois   +            (no amulet)
rElec   .            s - ring of the Priest {rPois Will+}
rCorr   .            v - ring of wizardry
SInv    .            A - ring of protection from cold
Will    +....        (no ring)
Stlth   ++           (no ring)
HPRegen 0.31/turn    (no ring)
MPRegen 0.14/turn    (no ring)
                     (no ring)

%: wizardry (x1)
@: about to teleport, beast-form
A: beast (slay +3), almost no armour, amphibious, 8 rings, camouflage 1,
gelatinous body 1, (nimble swimmer 1), tentacles
a: Begin Untransformation, Renounce Religion, Depart the Abyss, Banish, Corrupt


You were on level 8 of the Dungeon.
You worshipped Lugonu.
Lugonu was greatly pleased with you.
You were a hulking beast.
You visited 1 branch of the dungeon, and saw 8 of its levels.
You also visited: Sewer.

You collected 402 gold pieces.

Inventory:

Hand Weapons
 a - a +6 mace (weapon)
 b - a +0 sling
 d - a +2 spear
 g - a +0 whip
 m - a +0 dagger
 q - a +0 long sword
 u - a +3 falchion
 w - a +0 broad axe
 x - a +2 dagger of chaos
 C - a +3 hand axe
 D - a +1 short sword
 E - a +0 scimitar
 G - a +2 flail of holy wrath
Missiles
 h - 2 boomerangs
 o - 14 poisoned darts
 r - 2 curare-tipped darts (quivered)
 B - 4 javelins
 F - 4 darts of dispersal
Jewellery
 e - an amulet of faith
 s - the ring of the Priest (left tentacle) {rPois Will+}
   (You found it on level 3 of the Dungeon)

   [ring of willpower]

   rPois:     It protects you from poison Will+: It increases your willpower.
 v - a ring of wizardry (right tentacle)
 A - a ring of protection from cold (on tentacle)
Talismans
 c - a flux talisman
 i - a beast talisman
Scrolls
 f - 2 scrolls of immolation
 k - a scroll of identify
 l - a scroll of poison
 t - a scroll of teleportation
Potions
 j - a potion of mutation
 p - 3 potions of brilliance
 z - 2 potions of resistance


   Skills:
 - Level 5.0 Fighting
 - Level 5.0 Maces & Flails
 - Level 5.2 Dodging
 - Level 5.7 Unarmed Combat
 - Level 3.4 Spellcasting
 - Level 3.9 Conjurations
 - Level 3.9 Hexes
 + Level 2.2 Necromancy
 - Level 2.6 Translocations
 + Level 2.5 Invocations
 - Level 5.4 Shapeshifting


You had 6 spell levels left.
You knew the following spells:

 Your Spells              Type           Power      Damage    Failure   Level
a - Dazzling Flash        Conj/Hex       32%        N/A       4%          3
b - Blink                 Tloc           22%        N/A       3%          2
c - Dispel Undead         Necr           10%        3d9       26%         4

Your spell library contained the following spells:

 Spells                   Type           Power      Damage    Failure   Level
 Momentum Strike          Conj/Tloc      28%        3d8       2%          2
 Shock                    Conj/Air       36%        1d5       3%          1
 Lesser Beckoning         Tloc           22%        N/A       3%          2
 Cigotuvi's Dreadful Rot  Necr/Pois/Air  10%        N/A       8%          2
 Poisonous Vapours        Pois/Air       4%         N/A       11%         2
 Mephitic Cloud           Conj/Pois/Air  7%         N/A       12%         3
 Swiftness                Air            2%         N/A       21%         3
 Airstrike                Air            1%         2d(1-17)  52%         4
 Agony                    Necr           10%        N/A       56%         5
 Silence                  Hex/Air        4%         N/A       61%         5
 Freezing Cloud           Conj/Ice/Air   3%         6-21      69%         5
 Death Channel            Necr           5%         N/A       98%         6


Dungeon Overview and Level Annotations

Branches:
Dungeon (8/15)             Temple (0/1) D:7           Sewer (visited)
   Lair: D:8-11

Altars:
Dithmenos
Hepliaklqana
Nemelex Xobeh
Qazlal
Ru
Trog
Xom
Zin
Lugonu


Innate Abilities, Weirdness & Mutations

You are a hulking beast.
Your limbs bulge with bestial killing power. (Slay +3)
You cannot wear most types of armour.
You are amphibious.
You can wear up to eight rings at the same time.
Your skin changes colour to match your surroundings (Stealth+).
Your rubbery body absorbs attacks. (AC +1, EV +1)
((You are camouflaged when in or above water. (Stealth+)))
You have tentacles for arms and can constrict up to eight enemies at once.


Message History

You are poisoned.
The killer bee poisons you!
You barely miss the killer bee. Your grab misses the killer bee.
The killer bee is lightly wounded.
You feel very sick. The killer bee stings you!
The killer bee closely misses you.
You barely miss the killer bee. Your grab misses the killer bee.
The killer bee is lightly wounded.
You feel sick. The killer bee stings you. The killer bee misses you.
The killer bee barely misses you.
Your +2 flail of holy wrath stops glowing.
a - a +6 mace (weapon)
You feel sick. The killer bee completely misses you.
You hit the killer bee. Your grab misses the killer bee.
The killer bee is heavily wounded.
You feel sick. The killer bee misses you. The killer bee barely misses you.
You completely miss the killer bee. Your grab misses the killer bee.
The killer bee is heavily wounded.
You feel sick. The killer bee stings you. The killer bee barely misses you.
An orc comes into view. It is wielding a +0 hand axe.
You closely miss the killer bee.
The orc shouts!
Your grab misses the killer bee. Your squeeze misses the killer bee.
The killer bee is heavily wounded.
You feel sick. The killer bee misses you. The killer bee stings you!
The killer bee stings you.
Okay, then.
As you read the scroll of teleportation, it crumbles to dust.
You feel strangely unstable.
You feel sick. The killer bee stings you!
* * * LOW HITPOINT WARNING * * *
The killer bee barely misses you.
You miss the killer bee. You grab the killer bee.
You squeeze the killer bee, but do no damage.
The killer bee is heavily wounded.
You constrict the killer bee.
You feel sick.
You are no longer poisoned.
The killer bee stings you!
* * * LOW HITPOINT WARNING * * *
The killer bee stings you.
You die...

# #. .. # ###y#######.#
#..y........# #.....yy....+
############## #y# .. ..
.....#.#[.#..###h###.... #....
...#....#.........o'.... #...
...#....#..........#.... #...
........#......##### ## #..
.....#..##.##'## #..
....###........# #.####
##..###..##....# #.'<..
###..#..###....# #.#...
.##.....##.....#§§§§§§§§§§§#.#...


You could see 3 killer bees and an orc.

Vanquished Creatures
  A steam dragon (D:8)
  Menkaure (D:4)
  A water moccasin (Sewer)
  4 orc warriors (D:7)
  4 black bears
  2 ogres
  2 phantoms
  A centaur (D:6)
  Blork the orc (D:5)
  A bullfrog (D:7)
  A gnoll sergeant (D:7)
  A kobold brigand (D:7)
  8 wights
  6 killer bees (D:7)
  4 crimson imps (D:4)
  A gnoll bouda (D:6)
  4 hounds
  3 jellies
  3 orc priests
  4 sleepcaps
  3 iguanas
  6 orc wizards
  18 gnolls
  10 adders
  2 shadow imps (D:5)
  2 ufetubi (D:6)
  An adder skeleton (D:2)
  An adder zombie (D:2)
  4 dart slugs
  29 orcs
  A bat (D:2)
  6 endoplasms
  2 giant cockroaches
  16 goblins
  7 hobgoblins
  5 jackals
  7 kobolds
  4 quokkas (D:3)
  6 ball pythons
  A ball python skeleton (D:2)
  A frilled lizard (D:1)
  8 rats
193 creatures vanquished.

Notes
Turn   | Place    | Note
-------+----------+-------------------------------------------
     0 | D:1      | croobank the Octopode Shapeshifter began the quest for the
                  | Orb.
     0 | D:1      | Reached XP level 1. HP: 13/13 MP: 1/1
   132 | D:1      | Reached XP level 2. HP: 18/18 MP: 2/2
   500 | D:1      | Reached XP level 3. HP: 23/23 MP: 3/3
   554 | D:1      | Found a faded altar of an unknown god.
   571 | D:1      | Prayed at the altar of an unknown god.
   571 | D:1      | Became a worshipper of Lugonu the Unformed
   571 | D:1      | Reached * piety under Lugonu
   977 | D:2      | Reached XP level 4. HP: 25/29 MP: 4/4
  1462 | D:2      | Reached XP level 5. HP: 7/35 MP: 5/5
  2269 | D:3      | Found a glowing silver altar of Zin.
  2269 | D:3      | Found a sacrificial altar of Ru.
  2455 | D:3      | Reached ** piety under Lugonu
  2462 | D:3      | Reached skill level 1 in Maces & Flails
  2551 | D:3      | Learned a level 3 spell: Dazzling Flash
  2675 | D:3      | Found a glowing drain.
  2695 | Sewer    | Entered a sewer
  2758 | Sewer    | Noticed a water moccasin
  2768 | Sewer    | Killed a water moccasin
  2769 | Sewer    | Reached XP level 6. HP: 37/41 MP: 6/6
  2916 | D:3      | Identified the ring of the Priest {rPois Will+}
  3328 | D:4      | Noticed a black bear
  3334 | D:4      | Noticed Menkaure
  3337 | D:4      | Killed a black bear
  3338 | D:4      | Reached skill level 1 in Conjurations
  3351 | D:4      | Killed Menkaure
  3352 | D:4      | Reached skill level 1 in Spellcasting
  3352 | D:4      | Reached skill level 1 in Hexes
  3352 | D:4      | Reached XP level 7. HP: 19/46 MP: 8/8
  3495 | D:4      | You fall into a shaft and drop 2 floors!
  3986 | D:5      | Entered Level 5 of the Dungeon
  3987 | D:5      | Noticed Blork the orc
  3994 | D:5      | Killed Blork the orc
  3995 | D:5      | Reached XP level 8. HP: 28/52 MP: 10/10
  4217 | D:4      | Found a shimmering altar of Xom.
  4538 | D:4      | Found a hazy altar of Hepliaklqana.
  4632 | D:4      | Reached *** piety under Lugonu
  4635 | D:4      | Found a sparkling altar of Nemelex Xobeh.
  5616 | D:6      | Reached skill level 5 in Unarmed Combat
  5909 | D:6      | Found a bloodstained altar of Trog.
  5921 | D:6      | Reached XP level 9. HP: 44/58 MP: 12/12
  6176 | D:6      | Reached skill level 5 in Shapeshifting
  6194 | D:6      | Reached skill level 5 in Maces & Flails
  6513 | D:6      | Learned a level 2 spell: Blink
  6699 | D:7      | Reached **** piety under Lugonu
  6700 | D:7      | Reached skill level 1 in Translocations
  6978 | D:7      | Reached skill level 5 in Dodging
  7147 | D:7      | Found a staircase to the Ecumenical Temple.
  7198 | D:7      | HP: 2/60 [orc wizard/magic dart (6)]
  7499 | D:7      | Reached skill level 5 in Fighting
  8412 | D:8      | Learned a level 4 spell: Dispel Undead
  8414 | D:8      | Reached XP level 10. HP: 66/66 MP: 15/15
  8422 | D:8      | Reached skill level 1 in Necromancy
  8422 | D:8      | Reached skill level 1 in Invocations
  8605 | D:8      | Found a stormy altar of Qazlal.
  8635 | D:8      | Found a shadowy altar of Dithmenos.
  8897 | D:8      | HP: 2/66 [killer bee (9)]
  8897 | D:8      | Slain by a killer bee

Illustrated notes

Levels and vault maps discovered:
D:1:      dpeg_arrival_stonehenge_8_columns, layout_loops_ring,
          shapermc_ecumenical_altar_ellora
D:2:      layout_loops_corners, serial_undead, serial_undead_f, serial_undead_c,
          serial_undead_f, serial_undead_a, grunt_ministairs_11,
          chequers_serial_rivers_room_a, st_stairs_13
D:3:      layout_basic, gammafunk_temple_overflow_wave, portal_sewer_entry_f
D:4:      layout_cave_pools, led_xom_imps, mainiacjoe_overflow_alcove_1,
          nemelex_dance_club_becter, minmay_ogre_servants, uniq_menkaure
D:5:      layout_loops_ring, uniq_blork_the_orc
D:6:      layout_basic, trog_ov_bears_minmay
D:7:      layout_loops_ring, temple_fountains, enter_bailey_7,
          uniq_crazy_yiuf_cottage
D:8:      layout_gridville, nicolae_qazlal_eye_of_the_storm,
          nicolae_dithmenos_shadow_blocks, uniq_prince_ribbit1, uniq_amaemon

Skill      XL: |  1  2  3  4  5  6  7  8  9 10 |
---------------+-------------------------------+-----
Fighting       | 2 3 4 5 |  5.0
Dodging        | 3 4 5 |  5.2
Maces & Flails | 1 2 3 4 5 |  5.0
Unarmed Combat | 4 5 |  5.7
Shapeshifting  | 4 5 |  5.4
Conjurations   | 1 2 3 |  3.9
Spellcasting   | 1 2 3 |  3.4
Hexes          | 1 2 3 |  3.9
Translocations | 2 |  2.6
Necromancy     | 2 |  2.2
Invocations    | 2 |  2.5

Action                     |  1- 3 |  4- 6 |  7- 9 | 10-12 || total
---------------------------+-------+-------+-------+-------++-------
  Melee: Unarmed           |    45 |    39 |       |       ||    84
         Constrict         |    18 |    25 |    53 |     8 ||   104
         Tentacles         |    11 |    19 |    60 |     7 ||    97
         Punch             |       |     3 |    16 |     2 ||    21
         Mace              |       |    55 |   245 |     4 ||   304
         Spear             |       |       |     8 |       ||     8
         Flail             |       |       |     2 |    28 ||    30
  Throw: Throwing net      |       |     3 |     2 |       ||     5
         Dart              |       |       |    13 |     1 ||    14
         Javelin           |       |       |     3 |       ||     3
   Cast: Dazzling Flash    |       |       |     2 |       ||     2
    Use: Scroll            |       |    10 |     5 |     1 ||    16
         Potion            |       |     3 |     7 |     1 ||    11
   Stab: Sleeping          |       |     8 |     4 |       ||    12
 Armour: Skin              |    11 |    52 |   181 |    27 ||   271
  Dodge: Dodged            |    26 |    48 |   135 |    22 ||   231

Table legend: (Time is in decaauts)
 A = Elapsed time spent in this place.
 B = Non-inter-level travel time spent in this place.
 C = Inter-level travel time spent in this place.
 D = Time resting spent in this place.
 E = Time spent auto-exploring this place.
 F = Levels seen in this place.
 G = Mean time per level.
                   A        B        C        D        E       F      G
               +--------+--------+--------+--------+--------+-----+--------+
         Total |   8945 |   8608 |    337 |   3336 |   3432 |   9 |  993.9 |
       Dungeon |   8810 |   8473 |    337 |   3324 |   3383 |   8 | 1101.2 |
         Sewer |    134 |    134 |      0 |     12 |     49 |   1 |  134.0 |
               +--------+--------+--------+--------+--------+-----+--------+

Top non-repeatable levels by time:
     D:6: 2040 daAuts
     D:2: 1351 daAuts
     D:7: 1049 daAuts
     D:5: 921 daAuts
     D:3: 917 daAuts
     D:4: 908 daAuts
     D:1: 890 daAuts
     D:8: 732 daAuts
   Sewer: 134 daAuts
